 Dungeon Crawl Stone Soup version 0.15-a0-2374-gaadabb3 (webtiles) character file.

205 MRaven the Insei (level 5, 0/69 HPs)
             Began as a Demonspawn Monk on Aug 1, 2014.
             Succumbed to Terence's poison
             ... on Level 3 of the Dungeon.
             The game lasted 00:17:25 (3256 turns).

MRaven the Insei (Demonspawn Monk)                  Turns: 3256, Time: 00:17:25

HP   0/69        AC 22     Str 13      XL: 5   Next: 53%
MP   5/5         EV  2     Int 11      God:
Gold 114         SH  0     Dex 22      Spells:  0 memorised,  4 levels left

rFire  . . .     SeeInvis .       - Unarmed
rCold  . . .     Clarity  .     a - melded +0 robe
rNeg   + + +     rCorr    .     (no shield)
rPois  +         rRot     .     (no helmet)
rElec  .         Spirit   .     (cloak currently unavailable)
SustAb .         Warding  .     o - melded +0 pair of gloves
rMut   .         NoTele   +     (boots currently unavailable)
Gourm  .                        (no amulet)
MR     .....                    (no ring)
                                l - ring of stealth

@: agile, lethally poisoned, exhausted, tree-form, slowed, very slow, not
resistant to hostile enchantments, very stealthy
A: (hooves 0), (slimy green scales 0), breathe flames 1, nightstalker 1, robust
1, strong 1
a: Breathe Fire


You were on level 3 of the Dungeon.
You were hungry.
You were an animated tree.
You visited 1 branch of the dungeon, and saw 3 of its levels.

You collected 114 gold pieces.

Inventory:

Missiles
 m - 7 tomahawks (quivered)
Armour
 a - a +0 robe (melded)
 o - a +0 pair of gloves (melded)
Comestibles
 b - a bread ration
 p - 2 meat rations
Scrolls
 c - 4 scrolls of fog {unknown}
 d - a scroll of identify
 i - a scroll of recharging
 k - 2 scrolls of remove curse
 s - a scroll of blinking {unknown}
Jewellery
 l - a ring of stealth (left branch)
Potions
 f - 4 potions of magic
 n - a potion of might


   Skills:
 + Level 4.0 Fighting
 + Level 3.6 Dodging
 - Level 2.2 Stealth
 * Level 5.0 Unarmed Combat


You had 4 spell levels left.
You didn't know any spells.

Dungeon Overview and Level Annotations

Branches:
Dungeon (3/15)

Altars:
Sif Muna


Innate Abilities, Weirdness & Mutations

((You have large cloven feet.))
((You are partially covered in slimy green scales (AC +2).))
You are slightly more attuned to the shadows.
You can breathe flames.
You are robust (+10% HP).
Your muscles are strong. (Str +2)


Message History

You feel sick.
* * * LOW HITPOINT WARNING * * *
You feel sick.
* * * LOW HITPOINT WARNING * * *
You feel sick.
* * * LOW HITPOINT WARNING * * *
You feel sick.
You see here an oily blue potion.
e - an oily blue potion
* * * LOW HITPOINT WARNING * * *
You feel sick.
Drink which item? (? for menu, Esc to quit)
You turn into an animated tree.
Your +0 pair of gloves melds into your body.
Your +0 robe melds into your body.
Your roots penetrate the ground.
It was a potion of lignification.
There is a lethal amount of poison in your body!
There is a lethal amount of poison in your body!
There is a lethal amount of poison in your body!
You die...

##########.# ##.##.
..........## #.##.
#..........# .##.
#..........# #.
#..........# ..
#..........# # ##
#..........# .#
#..........# .#
#..♣.......###.#+##
#..................
#########..........#
####..........#
.......%.......#
.......)......#
..............
....######### ....


There were no monsters in sight!

Vanquished Creatures
  An orc priest (D:3)
  An orc wizard (D:3)
  Ijyb (D:3)
  Terence (D:3)
  3 adders
  An inept item mimic (D:2)
  5 giant geckos
  An ooze (D:3)
  2 orcs (D:3)
  A ball python (D:1)
  10 bats
  8 goblins
  9 hobgoblins
  2 quokkas
  5 giant newts
  4 jackals (D:1)
  16 kobolds
  8 rats
79 creatures vanquished.

Notes
Turn   | Place    | Note
--------------------------------------------------------------
     0 | D:1      | MRaven, the Demonspawn Monk, began the quest for the Orb.
     0 | D:1      | Reached XP level 1. HP: 18/18 MP: 1/1
   367 | D:1      | Gained mutation: You are partially covered in slimy green scales (AC +2). [demonic ancestry]
   367 | D:1      | Reached XP level 2. HP: 17/24 MP: 2/2
   746 | D:1      | Reached skill level 4 in Unarmed Combat
   746 | D:1      | Reached XP level 3. HP: 29/29 MP: 3/3
  1803 | D:2      | Gained mutation: You are slightly more attuned to the shadows. [demonic ancestry]
  1803 | D:2      | Reached XP level 4. HP: 25/35 MP: 4/4
  2159 | D:2      | Found a deep blue altar of Sif Muna.
  2274 | D:3      | Noticed Ijyb
  2309 | D:3      | Gained mutation: You can breathe flames. [potion of mutation]
  2309 | D:3      | Gained mutation: Your muscles are strong. (Str +2) [potion of mutation]
  2309 | D:3      | Gained mutation: You are robust (+10% HP). [potion of mutation]
  2317 | D:3      | Killed Ijyb
  2678 | D:3      | Gained mutation: You have large cloven feet. [demonic ancestry]
  2678 | D:3      | Reached XP level 5. HP: 9/46 MP: 5/5
  3213 | D:3      | Noticed Terence
  3237 | D:3      | Killed Terence
  3237 | D:3      | Reached skill level 5 in Unarmed Combat
  3251 | D:3      | HP: 2/46 [poisoned by Terence]
  3256 | D:3      | Succumbed to Terence's poison

Action                   |  1- 3 |  4- 6 || total
-------------------------+-------+-------++-------
Melee: Unarmed           |   171 |   162 ||   333
 Abil: Breathe Fire      |       |     1 ||     1
  Use: Scroll            |     6 |       ||     6
       Potion            |     2 |     7 ||     9
 Stab: Sleeping          |     9 |     7 ||    16
  Eat: Chunk             |     3 |     4 ||     7
       Beef jerky        |       |     1 ||     1
